Nordiques vs Kings

Created - 27 novembre 2020 at 10:31

Goals
1 2 3 T
Nordiques 1 0 0 1
Kings 0 0 3 3
Shots
1 2 3 T
Nordiques 12 10 12 34
Kings 6 9 18 33

1st period

1. Nordiques , Sebastian Aho 6 (Tyler Johnson 4, Brent Seabrook 4) at 2:11

Penalties :
Alexander Radulov (LAK) for Cross-checking (Minor) at 10:13, Shea Weber (LAK) for Charging (Minor) at 17:23

2nd period

No Goal

Penalties :
Justin Holl (QUE) for Hooking (Minor) at 4:20, Jamie Benn (LAK) for High sticking (Minor) at 9:08, Philippe Myers (QUE) for Interference (Minor) at 14:46, Artemi Panarin (LAK) for Hooking (Minor) at 18:53

3rd period

2. Kings , Tomas Hertl 4 (Luke Schenn 1, Artemi Panarin 6) at 2:11
3. Kings , Alexander Radulov 3 (Jamie Benn 1, Alex Goligoski 5) at 2:28
4. Kings , Alex Goligoski 3 (Alex Ovechkin 7, Artemi Panarin 7) at 19:03

Penalties :
Danny DeKeyser (LAK) for Cross-checking (Minor) at 5:41, Sebastian Aho (QUE) for Hooking (Minor) at 11:03

Goalie Stats

Craig Anderson (QUE), 30 saves from 33 shots - (0,909), L, 1-1-0, 60:00 minutes
Semyon Varlamov (LAK), 33 saves from 34 shots - (0,971), W, 4-2-0, 60:00 minutes

Players Stats for Nordiques

Player Name              G  A  P  +/- PIM S  H  SB GA TA FO     MP     PP MP  PK MP  
------------------------------------------------------------------------------------
Alexander Wennberg       0  0  0  -1  0   0  1  0  0  0  0/1    17:40   5:02   2:52 
Brandon Dubinsky         0  0  0  -1  0   1  3  0  0  0  5/9    15:58   4:50   2:30 
Brent Seabrook           0  1  1   0  0   1  0  0  0  0  0/0    23:43   4:42   1:42 
Cole Schneider           0  0  0   0  0   4  4  2  0  2  1/3    14:40   0:00   1:04 
David Backes             0  0  0   0  0   4  2  1  0  0  0/1    13:36   0:00   0:00 
Hudson Fasching          0  0  0   0  0   1  1  1  1  0  0/0    12:11   0:03   0:00 
Joel Farabee             0  0  0   0  0   7  0  3  3  0  0/0    12:46   0:03   0:35 
Joel L'Esperance         0  0  0   0  0   2  1  0  0  1  10/19  12:11   0:03   0:00 
Justin Abdelkader        0  0  0  -1  0   2  0  1  0  0  1/1    15:58   4:50   2:30 
Justin Holl              0  0  0  -1  2   2  2  6  0  0  0/0    21:56   4:49   2:32 
Kirby Dach               0  0  0  -1  0   1  0  0  0  0  1/1    13:47   4:50   0:31 
Mathieu Perreault        0  0  0   0  0   1  0  1  0  0  3/10   13:36   0:00   0:00 
Philippe Myers           0  0  0  -1  2   0  1  0  0  1  0/0    14:36   0:30   1:29 
Ryan Lindgren            0  0  0  -1  0   1  0  2  0  5  0/0    15:30   0:08   2:39 
Sebastian Aho            1  0  1  -1  2   4  0  0  2  0  7/18   16:45   5:02   1:52 
Shayne Gostisbehere      0  0  0  -1  0   3  0  2  0  0  0/0    22:17   4:49   3:18 
Travis Sanheim           0  0  0   0  0   0  1  1  1  1  0/0    22:32   4:52   0:14 
Tyler Johnson            0  1  1  -1  0   0  2  0  2  0  0/0    14:18   5:02   0:00 

Players Stats for Kings

Player Name              G  A  P  +/- PIM S  H  SB GA TA FO     MP     PP MP  PK MP  
------------------------------------------------------------------------------------
Alex Goligoski           1  1  2   1  0   3  1  1  1  0  0/0    25:21   4:40   3:21 
Alex Ovechkin            0  1  1   1  0   3  1  1  1  0  0/0    20:08   3:15   1:42 
Alexander Radulov        1  0  1   1  2   3  2  2  1  0  0/1    16:21   2:42   0:00 
Artem Anisimov           0  0  0   1  0   0  1  1  1  0  0/0    16:22   2:42   0:00 
Artemi Panarin           0  2  2   1  2   5  0  0  0  0  0/1    18:19   3:15   0:00 
Artturi Lehkonen         0  0  0   0  0   1  1  1  1  1  0/1    12:00   0:00   2:55 
Carter Rowney            0  0  0   0  0   2  2  0  1  0  1/1    14:17   0:00   5:18 
Danny DeKeyser           0  0  0   0  2   0  0  2  0  0  0/0    20:06   0:00   4:54 
Jamie Benn               0  1  1   1  2   0  1  1  0  1  4/10   16:31   2:42   0:00 
Jayson Megna             0  0  0   0  0   1  3  0  1  1  3/4     9:13   0:00   2:55 
Jonas Brodin             0  0  0   0  0   1  0  2  0  3  0/0    23:26   1:17   6:12 
Luke Schenn              0  1  1   1  0   1  0  1  1  0  0/0    13:32   0:00   2:23 
Michael Del Zotto        0  0  0   1  0   1  0  0  0  0  0/0    13:35   1:17   0:41 
Nikolay Goldobin         0  0  0   0  0   3  0  0  0  0  0/0     6:12   0:00   0:00 
Sean Kuraly              0  0  0   0  0   3  2  1  1  1  7/13   14:18   0:00   5:19 
Shea Weber               0  0  0   1  2   3  2  0  0  2  0/0    24:00   4:40   2:19 
Tage Thompson            0  0  0   0  0   0  2  0  1  0  0/0     6:12   0:00   0:00 
Tomas Hertl              1  0  1   1  0   3  1  1  0  0  20/32  20:07   3:15   1:41 

3 Stars

1 - Semyon Varlamov (LAK)
2 - Alex Goligoski (LAK)
3 - Tomas Hertl (LAK)

Power Play

Nordiques - 0 on 5 Attempt(s) - 0,00%
Kings - 0 on 3 Attempt(s) - 0,00%

Penalty Kill

Nordiques - 3 on 3 Attempt(s) - 100,00% - Score 0 goal in Penalty Kill
Kings - 5 on 5 Attempt(s) - 100,00% - Score 0 goal in Penalty Kill

Team Stat

Nordiques - Hits : 18 - Faceoff Wins : 28 - Blocked Shots : 20 - Penalty Minutes : 6
Kings - Hits : 19 - Faceoff Wins : 35 - Blocked Shots : 14 - Penalty Minutes : 10

Official

Referees : Jean Hebert and Pierre Lambert
Linesman : Steven Walsh and Kory Nagy

Game Notes

No Game Note

Finance

Level 1 -- Attendance: 6000 (100,00%) -- Ticket Income 540 000 $
Level 2 -- Attendance: 4918 (98,36%) -- Ticket Income 245 900 $
Level 3 -- Attendance: 1977 (98,85%) -- Ticket Income 59 310 $
Level 4 -- Attendance: 4000 (100,00%) -- Ticket Income 40 000 $
Luxury Box -- Attendance: 966 (96,60%) -- Ticket Income 154 560 $
Game was played at the Hollywood Garden.
Total Attendance: 17861 (99,23%)
Total Ticket Income: 1 039 770 $
Other Income: 509 487 $
Total Income: 1 549 257 $

Nordiques

5 vs 5 Forward 
   Center                   Left Wing                Right Wing               Time % Phy DF OF 
 1 Sebastian Aho            Alexander Wennberg       Tyler Johnson            25     1   2  2  
 2 Brandon Dubinsky         Justin Abdelkader        Kirby Dach               25     1   2  2  
 3 Mathieu Perreault        David Backes             Cole Schneider           25     1   2  2  
 4 Joel L'Esperance         Joel Farabee             Hudson Fasching          25     1   2  2  

5 vs 5 Defense 
   Defense                  Defense                                           Time % Phy DF OF 
 1 Brent Seabrook           Travis Sanheim                                    37     1   2  2  
 2 Justin Holl              Shayne Gostisbehere                               33     1   2  2  
 3 Philippe Myers           Ryan Lindgren                                     30     1   2  2  
 4 Brent Seabrook           Travis Sanheim                                    0      1   2  2  

PowerPlay Forward 
   Center                   Left Wing                Right Wing               Time % Phy DF OF 
 1 Sebastian Aho            Alexander Wennberg       Tyler Johnson            50     1   2  2  
 2 Brandon Dubinsky         Justin Abdelkader        Kirby Dach               50     1   2  2  

PowerPlay Defense
   Defense                  Defense                                           Time % Phy DF OF 
 1 Brent Seabrook           Travis Sanheim                                    50     1   2  2  
 2 Justin Holl              Shayne Gostisbehere                               50     1   2  2  

Penalty Kill 4 Players Forward 
   Center                   Wing                     Time % Phy DF OF 
 1 Brandon Dubinsky         Justin Abdelkader        50     1   2  2  
 2 Sebastian Aho            Alexander Wennberg       50     1   2  2  

Penalty Kill 4 Players Defense
   Defense                  Defense                  Time % Phy DF OF 
 1 Philippe Myers           Ryan Lindgren            50     1   2  2  
 2 Justin Holl              Shayne Gostisbehere      50     1   2  2  

Penalty Kill - 3 Players Forward 
   Forward                                           Time % Phy DF OF 
 1 Brandon Dubinsky                                  50     1   2  2  
 2 Sebastian Aho                                     50     1   2  2  

Penalty Kill - 3 Players Defense
   Defense                  Defense                  Time % Phy DF OF 
 1 Philippe Myers           Ryan Lindgren            50     1   2  2  
 2 Justin Holl              Shayne Gostisbehere      50     1   2  2  

4 vs 4 Forward 
   Center                   Wing                     Time % Phy DF OF 
 1 Sebastian Aho            Alexander Wennberg       50     1   2  2  
 2 Tyler Johnson            Brandon Dubinsky         50     1   2  2  

4 vs 4 Defense
   Defense                  Defense                  Time % Phy DF OF 
 1 Brent Seabrook           Travis Sanheim           50     1   2  2  
 2 Justin Holl              Shayne Gostisbehere      50     1   2  2  

Last Minutes Offensive
   Center                   Left Wing                Right Wing               Defense                  Defense                  
   Sebastian Aho            Alexander Wennberg       Tyler Johnson            Brent Seabrook           Travis Sanheim           

Last Minutes Defensive
   Center                   Left Wing                Right Wing               Defense                  Defense                  
   Sebastian Aho            Alexander Wennberg       Tyler Johnson            Brent Seabrook           Travis Sanheim           

Goaltenders
Starting : Craig Anderson           
Backup : Dan Vladar               

Extra Forwards
Normal : Mathieu Perreault, David Backes, Cole Schneider - PP : Mathieu Perreault, David Backes - PK : Cole Schneider
Extra Defensemen
Normal : Philippe Myers, Ryan Lindgren, Justin Holl - PP : Philippe Myers - PK : Ryan Lindgren, Justin Holl
Penalty Shots
Sebastian Aho, Alexander Wennberg, Tyler Johnson, Brandon Dubinsky, Justin Holl
Custom OT Lines Forwards
Sebastian Aho, Alexander Wennberg, Tyler Johnson, Brandon Dubinsky, Justin Holl, Justin Abdelkader, Kirby Dach, Mathieu Perreault, David Backes, Cole Schneider
Custom OT Lines Defensemen
Brent Seabrook, Travis Sanheim, Justin Holl, Shayne Gostisbehere, Philippe Myers

Scratches
Pat Nagle (Healthy)

Kings

5 vs 5 Forward 
   Center                   Left Wing                Right Wing               Time % Phy DF OF 
 1 Tomas Hertl              Alex Ovechkin            Artemi Panarin           39     1   2  2  
 2 Jamie Benn               Artem Anisimov           Alexander Radulov        33     1   2  2  
 3 Sean Kuraly              Artturi Lehkonen         Carter Rowney            19     1   2  2  
 4 Jayson Megna             Nikolay Goldobin         Tage Thompson            9      1   2  2  

5 vs 5 Defense 
   Defense                  Defense                                           Time % Phy DF OF 
 1 Shea Weber               Alex Goligoski                                    40     1   2  2  
 2 Jonas Brodin             Danny DeKeyser                                    35     1   2  2  
 3 Michael Del Zotto        Luke Schenn                                       25     1   2  2  
 4 Shea Weber               Alex Goligoski                                    0      1   2  2  

PowerPlay Forward 
   Center                   Left Wing                Right Wing               Time % Phy DF OF 
 1 Tomas Hertl              Alex Ovechkin            Artemi Panarin           60     0   1  4  
 2 Jamie Benn               Artem Anisimov           Alexander Radulov        40     0   1  4  

PowerPlay Defense
   Defense                  Defense                                           Time % Phy DF OF 
 1 Shea Weber               Alex Goligoski                                    60     1   3  1  
 2 Jonas Brodin             Michael Del Zotto                                 40     1   3  1  

Penalty Kill 4 Players Forward 
   Center                   Wing                     Time % Phy DF OF 
 1 Sean Kuraly              Carter Rowney            60     1   4  0  
 2 Jayson Megna             Artturi Lehkonen         40     1   4  0  

Penalty Kill 4 Players Defense
   Defense                  Defense                  Time % Phy DF OF 
 1 Jonas Brodin             Danny DeKeyser           60     1   4  0  
 2 Shea Weber               Alex Goligoski           40     1   4  0  

Penalty Kill - 3 Players Forward 
   Forward                                           Time % Phy DF OF 
 1 Tomas Hertl                                       60     1   4  0  
 2 Sean Kuraly                                       40     1   4  0  

Penalty Kill - 3 Players Defense
   Defense                  Defense                  Time % Phy DF OF 
 1 Shea Weber               Alex Goligoski           60     1   4  0  
 2 Jonas Brodin             Danny DeKeyser           40     1   4  0  

4 vs 4 Forward 
   Center                   Wing                     Time % Phy DF OF 
 1 Tomas Hertl              Alex Ovechkin            60     1   2  2  
 2 Jamie Benn               Artemi Panarin           40     1   2  2  

4 vs 4 Defense
   Defense                  Defense                  Time % Phy DF OF 
 1 Shea Weber               Alex Goligoski           60     1   2  2  
 2 Jonas Brodin             Danny DeKeyser           40     1   2  2  

Last Minutes Offensive
   Center                   Left Wing                Right Wing               Defense                  Defense                  
   Tomas Hertl              Alex Ovechkin            Artemi Panarin           Shea Weber               Alex Goligoski           

Last Minutes Defensive
   Center                   Left Wing                Right Wing               Defense                  Defense                  
   Tomas Hertl              Alex Ovechkin            Artemi Panarin           Shea Weber               Alex Goligoski           

Goaltenders
Starting : Semyon Varlamov          
Backup : Devan Dubnyk             

Extra Forwards
Normal : Artturi Lehkonen, Sean Kuraly, Carter Rowney - PP : Artturi Lehkonen, Sean Kuraly - PK : Carter Rowney
Extra Defensemen
Normal : Michael Del Zotto, Luke Schenn, Jonas Brodin - PP : Michael Del Zotto - PK : Luke Schenn, Jonas Brodin
Penalty Shots
Alex Ovechkin, Artemi Panarin, Tomas Hertl, Jamie Benn, Alexander Radulov
Custom OT Lines Forwards
Alex Ovechkin, Artemi Panarin, Tomas Hertl, Jamie Benn, Alexander Radulov, Artem Anisimov, Artturi Lehkonen, Sean Kuraly, Carter Rowney, Jayson Megna
Custom OT Lines Defensemen
Shea Weber, Alex Goligoski, Jonas Brodin, Danny DeKeyser, Michael Del Zotto

Scratches
None


% Time on Ice - Nordiques

Lines # - Real PCT - Wanted PCT - Time Play
Normal Forward
1 - 21% - 25% - 9:11
2 - 21% - 25% - 9:04
3 - 31% - 25% - 13:36
4 - 27% - 25% - 12:00
Normal Defense
1 - 38% - 37% - 16:29
2 - 32% - 33% - 14:10
3 - 28% - 30% - 12:24
4 - 2% - 0% - 0:48
PP Forward
1 - 51% - 50% - 5:02
2 - 49% - 50% - 4:53
PP Defense
1 - 50% - 50% - 4:58
2 - 50% - 50% - 4:57
PK Forward
1 - 48% - 50% - 2:50
2 - 52% - 50% - 3:07
PK Defense
1 - 45% - 50% - 2:39
2 - 55% - 50% - 3:18
PK3 Forward
1 - 0% - 50%
2 - 0% - 50%
PK3 Defense
1 - 0% - 50%
2 - 0% - 50%
44 Forward
1 - 0% - 50%
2 - 0% - 50%
44 Defense
1 - 0% - 50%
2 - 0% - 50%
Last Minute Offensive  - 0:17
Last Minute Defensive  - 0:00
Total
Forward - 60:00
Defense - 60:00

% Time on Ice - Kings

Lines # - Real PCT - Wanted PCT - Time Play
Normal Forward
1 - 34% - 39% - 14:54
2 - 31% - 33% - 13:46
3 - 20% - 19% - 8:59
4 - 14% - 9% - 6:12
Normal Defense
1 - 38% - 40% - 16:32
2 - 38% - 35% - 16:31
3 - 24% - 25% - 10:41
4 - 0% - 0% - 0:07
PP Forward
1 - 55% - 60% - 3:15
2 - 45% - 40% - 2:42
PP Defense
1 - 78% - 60% - 4:40
2 - 22% - 40% - 1:17
PK Forward
1 - 71% - 60% - 7:00
2 - 29% - 40% - 2:55
PK Defense
1 - 61% - 60% - 6:01
2 - 39% - 40% - 3:54
PK3 Forward
1 - 0% - 60%
2 - 0% - 40%
PK3 Defense
1 - 0% - 60%
2 - 0% - 40%
44 Forward
1 - 0% - 60%
2 - 0% - 40%
44 Defense
1 - 0% - 60%
2 - 0% - 40%
Last Minute Offensive  - 0:00
Last Minute Defensive  - 0:17
Total
Forward - 60:00
Defense - 60:00

Play-by-Play

1st period


0:01 of 1st period - Tomas Hertl wins face-off versus Sebastian Aho in neutral zone.
0:08 of 1st period - Snap shot by Alex Ovechkin.
0:08 of 1st period - Shot Misses the Net.
0:38 of 1st period - Snap shot by Artemi Panarin.
0:38 of 1st period - Shot Misses the Net.
0:46 of 1st period - Shea Weber is hit by Tyler Johnson and loses puck.
1:24 of 1st period - Snap shot by Sebastian Aho.
1:24 of 1st period - Shot Misses the Net.
1:49 of 1st period - Slapshot by Sebastian Aho.
1:49 of 1st period - Shot Blocked by Tomas Hertl.
2:11 of 1st period - Wrist shot by Tyler Johnson.
2:11 of 1st period - Deflect By Sebastian Aho.
2:11 of 1st period - Goal by Sebastian Aho - Nordiques : 1 - Kings : 0.
2:12 of 1st period - Brandon Dubinsky wins face-off versus Jamie Benn in neutral zone.
2:15 of 1st period - Snap shot by Kirby Dach.
2:15 of 1st period - Shot Blocked by Danny DeKeyser.
3:23 of 1st period - Jamie Benn is hit by Philippe Myers and loses puck.
3:52 of 1st period - Artturi Lehkonen is hit by Hudson Fasching.
3:56 of 1st period - Sean Kuraly is hit by Joel L'Esperance and loses puck.
4:06 of 1st period - Off-side.
4:07 of 1st period - Kirby Dach wins face-off versus Jayson Megna in neutral zone.
4:26 of 1st period - Icing by Luke Schenn.
4:27 of 1st period - Jayson Megna wins face-off versus Mathieu Perreault in Kings zone.
4:36 of 1st period - Snap shot by Nikolay Goldobin.
4:36 of 1st period - Shot Blocked by Justin Holl.
4:56 of 1st period - Backhand shot by Alexander Radulov.
4:56 of 1st period - Shot Blocked by Joel Farabee.
5:17 of 1st period - Snap shot by Artturi Lehkonen.
5:17 of 1st period - Stopped by Craig Anderson with a rebound.
5:53 of 1st period - Wrist shot by Sebastian Aho.
5:53 of 1st period - Stopped by Semyon Varlamov without a rebound.
5:54 of 1st period - Jamie Benn wins face-off versus Joel L'Esperance in Kings zone.
7:30 of 1st period - Wrist shot by Kirby Dach.
7:30 of 1st period - Shot Blocked by Luke Schenn.
7:32 of 1st period - Wrist shot by Justin Abdelkader.
7:32 of 1st period - Stopped by Semyon Varlamov with a rebound.
7:34 of 1st period - Snap shot by Justin Abdelkader.
7:34 of 1st period - Shot Misses the Net.
7:36 of 1st period - Wrist shot by Justin Abdelkader.
7:36 of 1st period - Stopped by Semyon Varlamov with a rebound.
7:40 of 1st period - Wrist shot by Kirby Dach.
7:40 of 1st period - Shot Blocked by Artem Anisimov.
7:42 of 1st period - Slapshot by Brent Seabrook.
7:42 of 1st period - Stopped by Semyon Varlamov without a rebound.
7:43 of 1st period - Joel L'Esperance wins face-off versus Tomas Hertl in Kings zone.
7:52 of 1st period - Snap shot by Joel Farabee.
7:52 of 1st period - Deflect By Joel L'Esperance.
7:52 of 1st period - Stopped by Semyon Varlamov without a rebound.
7:53 of 1st period - Joel L'Esperance wins face-off versus Tomas Hertl in Kings zone.
7:56 of 1st period - Snap shot by Joel L'Esperance.
7:56 of 1st period - Shot Blocked by Jonas Brodin.
8:10 of 1st period - Wrist shot by Joel Farabee.
8:10 of 1st period - Stopped by Semyon Varlamov with a rebound.
8:12 of 1st period - Slapshot by Justin Holl.
8:12 of 1st period - Stopped by Semyon Varlamov without a rebound.
8:13 of 1st period - Mathieu Perreault wins face-off versus Alexander Radulov in Kings zone.
8:16 of 1st period - Wrist shot by David Backes.
8:16 of 1st period - Stopped by Semyon Varlamov without a rebound.
8:17 of 1st period - Jamie Benn wins face-off versus Mathieu Perreault in Kings zone.
8:17 of 1st period - Jamie Benn is hit by Cole Schneider.
8:37 of 1st period - Alex Goligoski is hit by Travis Sanheim.
8:51 of 1st period - Wrist shot by David Backes.
8:51 of 1st period - Stopped by Semyon Varlamov with a rebound.
9:16 of 1st period - Wrist shot by Mathieu Perreault.
9:16 of 1st period - Shot Misses the Net.
10:13 of 1st period - Minor Penalty to Alexander Radulov for Cross-checking.
10:14 of 1st period - Sean Kuraly wins face-off versus Sebastian Aho in Kings zone.
10:24 of 1st period - Wrist shot by Tyler Johnson.
10:24 of 1st period - Shot Misses the Net.
11:28 of 1st period - Carter Rowney is hit by Alexander Wennberg and loses puck.
12:13 of 1st period - Penalty to Alexander Radulov is over, Alexander Radulov is back on ice.
12:20 of 1st period - Wrist shot by Nikolay Goldobin.
12:20 of 1st period - Stopped by Craig Anderson without a rebound.
12:21 of 1st period - Jayson Megna wins face-off versus Joel L'Esperance in Nordiques zone.
12:36 of 1st period - Snap shot by Joel Farabee.
12:36 of 1st period - Stopped by Semyon Varlamov with a rebound.
13:02 of 1st period - Wrist shot by Sean Kuraly.
13:02 of 1st period - Shot Blocked by Hudson Fasching.
13:04 of 1st period - Snap shot by Sean Kuraly.
13:04 of 1st period - Stopped by Craig Anderson with a rebound.
13:22 of 1st period - Cole Schneider is hit by Alexander Radulov and loses puck.
13:43 of 1st period - Shea Weber is hit by Justin Holl and loses puck.
14:05 of 1st period - Tyler Johnson is hit by Jayson Megna.
14:37 of 1st period - Shea Weber is hit by David Backes and loses puck.
14:57 of 1st period - Shea Weber is hit by Brandon Dubinsky and loses puck.
15:22 of 1st period - Wrist shot by Nikolay Goldobin.
15:22 of 1st period - Stopped by Craig Anderson with a rebound.
15:24 of 1st period - Slapshot by Shea Weber.
15:24 of 1st period - Stopped by Craig Anderson without a rebound.
15:25 of 1st period - Carter Rowney wins face-off versus Joel L'Esperance in Nordiques zone.
15:28 of 1st period - Snap shot by Artturi Lehkonen.
15:28 of 1st period - Shot Misses the Net.
15:30 of 1st period - Slapshot by Alex Goligoski.
15:30 of 1st period - Deflect By Carter Rowney.
15:30 of 1st period - Shot Misses the Net.
15:30 of 1st period - Puck is out of play.
15:31 of 1st period - Joel L'Esperance wins face-off versus Sean Kuraly in Nordiques zone.
15:34 of 1st period - Snap shot by Artturi Lehkonen.
15:34 of 1st period - Shot Misses the Net.
15:36 of 1st period - Slapshot by Shea Weber.
15:36 of 1st period - Stopped by Craig Anderson without a rebound.
15:37 of 1st period - Joel L'Esperance wins face-off versus Tomas Hertl in Nordiques zone.
16:15 of 1st period - Sebastian Aho is hit by Jamie Benn and loses puck.
17:23 of 1st period - Minor Penalty to Shea Weber for Charging.
17:24 of 1st period - Brandon Dubinsky wins face-off versus Sean Kuraly in Kings zone.
17:25 of 1st period - Wrist shot by Kirby Dach.
17:25 of 1st period - Stopped by Semyon Varlamov without a rebound.
17:26 of 1st period - Sean Kuraly wins face-off versus Brandon Dubinsky in Kings zone.
17:39 of 1st period - Wrist shot by Kirby Dach.
17:39 of 1st period - Shot Blocked by Sean Kuraly.
17:41 of 1st period - Slapshot by Travis Sanheim.
17:41 of 1st period - Shot Misses the Net.
18:35 of 1st period - Kirby Dach is hit by Jayson Megna and loses puck.
19:23 of 1st period - Penalty to Shea Weber is over, Shea Weber is back on ice.
19:30 of 1st period - Wrist shot by Alexander Radulov.
19:30 of 1st period - Shot Misses the Net.
19:36 of 1st period - Joel L'Esperance is hit by Alex Goligoski.
Goals for this period are 1 for Nordiques vs 0 for Kings.
Shots for this period are 12 for Nordiques vs 6 for Kings.

2nd period


0:01 of 2nd period - Brandon Dubinsky wins face-off versus Artemi Panarin in neutral zone.
0:10 of 2nd period - Off-side.
0:11 of 2nd period - Tomas Hertl wins face-off versus Brandon Dubinsky in neutral zone.
0:24 of 2nd period - Wrist shot by Artemi Panarin.
0:24 of 2nd period - Shot Hit the Post.
0:26 of 2nd period - Wrist shot by Tomas Hertl.
0:26 of 2nd period - Shot Blocked by Justin Abdelkader.
0:28 of 2nd period - Wrist shot by Tomas Hertl.
0:28 of 2nd period - Shot Misses the Net.
0:47 of 2nd period - Off-side.
0:48 of 2nd period - Sebastian Aho wins face-off versus Tomas Hertl in neutral zone.
1:17 of 2nd period - Snap shot by Brandon Dubinsky.
1:17 of 2nd period - Stopped by Semyon Varlamov with a rebound.
1:19 of 2nd period - Wrist shot by Travis Sanheim.
1:19 of 2nd period - Shot Misses the Net.
1:21 of 2nd period - Wrist shot by Justin Abdelkader.
1:21 of 2nd period - Deflect By Luke Schenn.
1:21 of 2nd period - Shot Misses the Net.
1:21 of 2nd period - Puck is out of play.
1:22 of 2nd period - Joel L'Esperance wins face-off versus Jamie Benn in Kings zone.
1:31 of 2nd period - Wrist shot by Joel Farabee.
1:31 of 2nd period - Stopped by Semyon Varlamov without a rebound.
1:32 of 2nd period - Joel L'Esperance wins face-off versus Jamie Benn in Kings zone.
1:44 of 2nd period - Icing by Jonas Brodin.
1:45 of 2nd period - Sebastian Aho wins face-off versus Jamie Benn in Kings zone.
2:22 of 2nd period - Snap shot by Tomas Hertl.
2:22 of 2nd period - Deflect By Alex Ovechkin.
2:22 of 2nd period - Shot Misses the Net.
2:22 of 2nd period - Puck is out of play.
2:23 of 2nd period - Mathieu Perreault wins face-off versus Artturi Lehkonen in Nordiques zone.
2:23 of 2nd period - Mathieu Perreault is hit by Carter Rowney.
2:49 of 2nd period - Philippe Myers is hit by Shea Weber and loses puck.
3:43 of 2nd period - Wrist shot by Jayson Megna.
3:43 of 2nd period - Stopped by Craig Anderson with a rebound.
3:59 of 2nd period - Slapshot by Shea Weber.
3:59 of 2nd period - Stopped by Craig Anderson without a rebound.
4:00 of 2nd period - Joel L'Esperance wins face-off versus Tomas Hertl in Nordiques zone.
4:07 of 2nd period - Snap shot by Joel Farabee.
4:07 of 2nd period - Shot Blocked by Alex Ovechkin.
4:09 of 2nd period - Snap shot by Joel Farabee.
4:09 of 2nd period - Stopped by Semyon Varlamov without a rebound.
4:10 of 2nd period - Tomas Hertl wins face-off versus Joel L'Esperance in Kings zone.
4:17 of 2nd period - Wrist shot by Alex Ovechkin.
4:17 of 2nd period - Stopped by Craig Anderson without a rebound.
4:18 of 2nd period - Sebastian Aho wins face-off versus Tomas Hertl in Nordiques zone.
4:20 of 2nd period - Minor Penalty to Justin Holl for Hooking.
4:21 of 2nd period - Tomas Hertl wins face-off versus Brandon Dubinsky in Nordiques zone.
6:20 of 2nd period - Penalty to Justin Holl is over, Justin Holl is back on ice.
7:15 of 2nd period - Hudson Fasching is hit by Tage Thompson and loses puck.
8:16 of 2nd period - Mathieu Perreault is hit by Jayson Megna and loses puck.
8:23 of 2nd period - Snap shot by Nikolay Goldobin.
8:23 of 2nd period - Stopped by Craig Anderson without a rebound.
8:24 of 2nd period - Brandon Dubinsky wins face-off versus Tomas Hertl in Nordiques zone.
8:24 of 2nd period - Brandon Dubinsky is hit by Alex Ovechkin.
9:08 of 2nd period - Minor Penalty to Jamie Benn for High sticking.
9:09 of 2nd period - Sean Kuraly wins face-off versus Sebastian Aho in Kings zone.
9:18 of 2nd period - Slapshot by Sean Kuraly.
9:18 of 2nd period - Stopped by Craig Anderson with a rebound.
9:24 of 2nd period - Snap shot by Sean Kuraly.
9:24 of 2nd period - Stopped by Craig Anderson with a rebound.
10:01 of 2nd period - Slapshot by Shea Weber.
10:01 of 2nd period - Shot Misses the Net.
10:13 of 2nd period - Justin Holl is hit by Sean Kuraly and loses puck.
11:08 of 2nd period - Penalty to Jamie Benn is over, Jamie Benn is back on ice.
11:13 of 2nd period - Wrist shot by Cole Schneider.
11:13 of 2nd period - Stopped by Semyon Varlamov with a rebound.
11:15 of 2nd period - Wrist shot by Cole Schneider.
11:15 of 2nd period - Shot Hit the Post.
11:17 of 2nd period - Slapshot by Cole Schneider.
11:17 of 2nd period - Stopped by Semyon Varlamov without a rebound.
11:18 of 2nd period - Jamie Benn wins face-off versus Mathieu Perreault in Kings zone.
11:23 of 2nd period - Philippe Myers is hit by Alexander Radulov and loses puck.
11:36 of 2nd period - Snap shot by David Backes.
11:36 of 2nd period - Deflect By Cole Schneider.
11:36 of 2nd period - Shot Misses the Net.
11:36 of 2nd period - Puck is out of play.
11:37 of 2nd period - Joel L'Esperance wins face-off versus Tomas Hertl in Kings zone.
11:54 of 2nd period - Snap shot by Artemi Panarin.
11:54 of 2nd period - Shot Misses the Net.
12:04 of 2nd period - Joel Farabee is hit by Carter Rowney and loses puck.
12:31 of 2nd period - Snap shot by Joel Farabee.
12:31 of 2nd period - Shot Misses the Net.
12:33 of 2nd period - Wrist shot by Joel Farabee.
12:33 of 2nd period - Stopped by Semyon Varlamov with a rebound.
12:35 of 2nd period - Backhand shot by Joel L'Esperance.
12:35 of 2nd period - Shot Blocked by Jamie Benn.
12:43 of 2nd period - Wrist shot by Joel L'Esperance.
12:43 of 2nd period - Shot Blocked by Alexander Radulov.
12:45 of 2nd period - Slapshot by Brent Seabrook.
12:45 of 2nd period - Shot Hit the Post.
12:47 of 2nd period - Snap shot by Joel L'Esperance.
12:47 of 2nd period - Shot Misses the Net.
12:49 of 2nd period - Snap shot by Joel L'Esperance.
12:49 of 2nd period - Shot Blocked by Jonas Brodin.
12:51 of 2nd period - Slapshot by Travis Sanheim.
12:51 of 2nd period - Shot Hit the Post.
13:25 of 2nd period - Wrist shot by Alexander Radulov.
13:25 of 2nd period - Stopped by Craig Anderson with a rebound.
13:45 of 2nd period - Wrist shot by Joel Farabee.
13:45 of 2nd period - Shot Blocked by Danny DeKeyser.
13:49 of 2nd period - Slapshot by Joel Farabee.
13:49 of 2nd period - Stopped by Semyon Varlamov with a rebound.
13:51 of 2nd period - Slapshot by Brent Seabrook.
13:51 of 2nd period - Deflect By Joel Farabee.
13:51 of 2nd period - Shot Blocked by Alexander Radulov.
13:51 of 2nd period - Puck is out of play.
13:52 of 2nd period - Tomas Hertl wins face-off versus Sebastian Aho in Kings zone.
13:59 of 2nd period - Backhand shot by Artemi Panarin.
13:59 of 2nd period - Stopped by Craig Anderson without a rebound.
14:00 of 2nd period - Sebastian Aho wins face-off versus Tomas Hertl in Nordiques zone.
14:07 of 2nd period - Slapshot by Sebastian Aho.
14:07 of 2nd period - Stopped by Semyon Varlamov with a rebound.
14:33 of 2nd period - Alex Goligoski is hit by Cole Schneider and loses puck.
14:44 of 2nd period - Snap shot by Alex Goligoski.
14:44 of 2nd period - Shot Misses the Net.
14:46 of 2nd period - Minor Penalty to Philippe Myers for Interference.
14:47 of 2nd period - Tomas Hertl wins face-off versus Sebastian Aho in Nordiques zone.
15:37 of 2nd period - Snap shot by Artemi Panarin.
15:37 of 2nd period - Shot Misses the Net.
16:28 of 2nd period - Slapshot by Alex Goligoski.
16:28 of 2nd period - Stopped by Craig Anderson with a rebound.
16:46 of 2nd period - Penalty to Philippe Myers is over, Philippe Myers is back on ice.
17:20 of 2nd period - Snap shot by Nikolay Goldobin.
17:20 of 2nd period - Deflect By Jayson Megna.
17:20 of 2nd period - Shot Blocked by Justin Holl.
17:20 of 2nd period - Puck is out of play.
17:21 of 2nd period - Jayson Megna wins face-off versus Cole Schneider in Nordiques zone.
17:30 of 2nd period - Wrist shot by David Backes.
17:30 of 2nd period - Stopped by Semyon Varlamov without a rebound.
17:31 of 2nd period - Jamie Benn wins face-off versus Mathieu Perreault in Kings zone.
18:30 of 2nd period - Jonas Brodin is hit by Justin Holl and loses puck.
18:43 of 2nd period - Jayson Megna is hit by Cole Schneider and loses puck.
18:48 of 2nd period - Slapshot by Shayne Gostisbehere.
18:48 of 2nd period - Stopped by Semyon Varlamov without a rebound.
18:49 of 2nd period - Sebastian Aho wins face-off versus Tomas Hertl in Kings zone.
18:53 of 2nd period - Minor Penalty to Artemi Panarin for Hooking.
18:54 of 2nd period - Justin Abdelkader wins face-off versus Sean Kuraly in Kings zone.
Goals for this period are 0 for Nordiques vs 0 for Kings.
Shots for this period are 10 for Nordiques vs 9 for Kings.

3rd period


0:01 of 3rd period - Sean Kuraly wins face-off versus Sebastian Aho in neutral zone.
0:15 of 3rd period - Snap shot by Sebastian Aho.
0:15 of 3rd period - Stopped by Semyon Varlamov with a rebound.
0:27 of 3rd period - Carter Rowney is hit by Brandon Dubinsky and loses puck.
0:53 of 3rd period - Penalty to Artemi Panarin is over, Artemi Panarin is back on ice.
1:26 of 3rd period - Slapshot by Shayne Gostisbehere.
1:26 of 3rd period - Stopped by Semyon Varlamov without a rebound.
1:27 of 3rd period - Tomas Hertl wins face-off versus Brandon Dubinsky in Kings zone.
2:07 of 3rd period - Wrist shot by Artemi Panarin.
2:07 of 3rd period - Shot Misses the Net.
2:09 of 3rd period - Slapshot by Luke Schenn.
2:09 of 3rd period - Shot Blocked by Ryan Lindgren.
2:11 of 3rd period - Snap shot by Tomas Hertl.
2:11 of 3rd period - Goal by Tomas Hertl - Nordiques : 1 - Kings : 1.
2:12 of 3rd period - Sebastian Aho wins face-off versus Jamie Benn in neutral zone.
2:26 of 3rd period - Snap shot by Alexander Radulov.
2:26 of 3rd period - Shot Blocked by Shayne Gostisbehere.
2:28 of 3rd period - Slapshot by Alexander Radulov.
2:28 of 3rd period - Goal by Alexander Radulov - Nordiques : 1 - Kings : 2.
2:29 of 3rd period - Tomas Hertl wins face-off versus Sebastian Aho in neutral zone.
4:03 of 3rd period - Icing by Cole Schneider.
4:04 of 3rd period - Tomas Hertl wins face-off versus Mathieu Perreault in Nordiques zone.
4:13 of 3rd period - David Backes is hit by Shea Weber and loses puck.
5:00 of 3rd period - Slapshot by Philippe Myers.
5:00 of 3rd period - Shot Blocked by Artturi Lehkonen.
5:02 of 3rd period - Snap shot by Cole Schneider.
5:02 of 3rd period - Stopped by Semyon Varlamov with a rebound.
5:04 of 3rd period - Backhand shot by Ryan Lindgren.
5:04 of 3rd period - Stopped by Semyon Varlamov without a rebound.
5:05 of 3rd period - Tomas Hertl wins face-off versus Sebastian Aho in Kings zone.
5:31 of 3rd period - Kirby Dach is hit by Sean Kuraly and loses puck.
5:41 of 3rd period - Minor Penalty to Danny DeKeyser for Cross-checking.
5:42 of 3rd period - Brandon Dubinsky wins face-off versus Sean Kuraly in Kings zone.
6:22 of 3rd period - Alex Goligoski is hit by Tyler Johnson and loses puck.
6:53 of 3rd period - Slapshot by Alex Goligoski.
6:53 of 3rd period - Stopped by Craig Anderson with a rebound.
7:41 of 3rd period - Penalty to Danny DeKeyser is over, Danny DeKeyser is back on ice.
7:58 of 3rd period - Slapshot by Joel L'Esperance.
7:58 of 3rd period - Stopped by Semyon Varlamov without a rebound.
7:59 of 3rd period - Tomas Hertl wins face-off versus David Backes in Kings zone.
8:37 of 3rd period - Slapshot by Shayne Gostisbehere.
8:37 of 3rd period - Stopped by Semyon Varlamov without a rebound.
8:38 of 3rd period - Tomas Hertl wins face-off versus Sebastian Aho in Kings zone.
8:53 of 3rd period - Wrist shot by Alex Ovechkin.
8:53 of 3rd period - Deflect By Tomas Hertl.
8:53 of 3rd period - Stopped by Craig Anderson with a rebound.
8:55 of 3rd period - Slapshot by Artemi Panarin.
8:55 of 3rd period - Stopped by Craig Anderson with a rebound.
9:05 of 3rd period - Sebastian Aho is hit by Artturi Lehkonen and loses puck.
9:36 of 3rd period - Snap shot by Alexander Radulov.
9:36 of 3rd period - Deflect By Brandon Dubinsky.
9:36 of 3rd period - Shot Misses the Net.
9:36 of 3rd period - Puck is out of play.
9:37 of 3rd period - Joel L'Esperance wins face-off versus Tomas Hertl in Nordiques zone.
9:48 of 3rd period - Wrist shot by Tomas Hertl.
9:48 of 3rd period - Stopped by Craig Anderson with a rebound.
9:50 of 3rd period - Slapshot by Artemi Panarin.
9:50 of 3rd period - Shot Misses the Net.
10:04 of 3rd period - Alexander Radulov is hit by Brandon Dubinsky and loses puck.
10:35 of 3rd period - Slapshot by Sean Kuraly.
10:35 of 3rd period - Shot Blocked by Justin Holl.
10:37 of 3rd period - Snap shot by Sean Kuraly.
10:37 of 3rd period - Shot Blocked by Justin Holl.
10:39 of 3rd period - Snap shot by Jonas Brodin.
10:39 of 3rd period - Stopped by Craig Anderson without a rebound.
10:40 of 3rd period - Tomas Hertl wins face-off versus Sebastian Aho in Nordiques zone.
11:03 of 3rd period - Minor Penalty to Sebastian Aho for Hooking.
11:04 of 3rd period - Cole Schneider wins face-off versus Tomas Hertl in Nordiques zone.
11:09 of 3rd period - Shea Weber is hit by Cole Schneider and loses puck.
11:35 of 3rd period - Slapshot by Jamie Benn.
11:35 of 3rd period - Shot Blocked by Justin Holl.
11:37 of 3rd period - Wrist shot by Jamie Benn.
11:37 of 3rd period - Shot Misses the Net.
11:39 of 3rd period - Slapshot by Alex Goligoski.
11:39 of 3rd period - Shot Blocked by Justin Holl.
12:13 of 3rd period - Ryan Lindgren is hit by Tomas Hertl and loses puck.
12:41 of 3rd period - Cole Schneider is hit by Artem Anisimov and loses puck.
13:03 of 3rd period - Penalty to Sebastian Aho is over, Sebastian Aho is back on ice.
13:08 of 3rd period - Snap shot by Alexander Radulov.
13:08 of 3rd period - Stopped by Craig Anderson without a rebound.
13:09 of 3rd period - Tomas Hertl wins face-off versus Joel L'Esperance in Nordiques zone.
13:10 of 3rd period - Wrist shot by Artemi Panarin.
13:10 of 3rd period - Stopped by Craig Anderson with a rebound.
13:12 of 3rd period - Slapshot by Luke Schenn.
13:12 of 3rd period - Stopped by Craig Anderson without a rebound.
13:13 of 3rd period - Tomas Hertl wins face-off versus Joel L'Esperance in Nordiques zone.
13:59 of 3rd period - Kirby Dach is hit by Tage Thompson and loses puck.
14:24 of 3rd period - Off-side.
14:25 of 3rd period - Mathieu Perreault wins face-off versus Sean Kuraly in neutral zone.
14:40 of 3rd period - Snap shot by Cole Schneider.
14:40 of 3rd period - Deflect By Shea Weber.
14:40 of 3rd period - Stopped by Semyon Varlamov with a rebound.
14:48 of 3rd period - Wrist shot by David Backes.
14:48 of 3rd period - Stopped by Semyon Varlamov without a rebound.
14:49 of 3rd period - Tomas Hertl wins face-off versus Alexander Wennberg in Kings zone.
15:33 of 3rd period - Icing by Joel Farabee.
15:34 of 3rd period - Sean Kuraly wins face-off versus Cole Schneider in Nordiques zone.
15:45 of 3rd period - Wrist shot by Carter Rowney.
15:45 of 3rd period - Shot Blocked by Mathieu Perreault.
15:47 of 3rd period - Wrist shot by Artturi Lehkonen.
15:47 of 3rd period - Shot Misses the Net.
15:49 of 3rd period - Slapshot by Sean Kuraly.
15:49 of 3rd period - Shot Misses the Net.
15:56 of 3rd period - Icing by Ryan Lindgren.
15:57 of 3rd period - Tomas Hertl wins face-off versus Mathieu Perreault in Nordiques zone.
15:58 of 3rd period - Snap shot by Artemi Panarin.
15:58 of 3rd period - Stopped by Craig Anderson with a rebound.
16:00 of 3rd period - Backhand shot by Michael Del Zotto.
16:00 of 3rd period - Stopped by Craig Anderson with a rebound.
16:02 of 3rd period - Snap shot by Artemi Panarin.
16:02 of 3rd period - Shot Blocked by Ryan Lindgren.
16:04 of 3rd period - Slapshot by Alex Ovechkin.
16:04 of 3rd period - Deflect By Artemi Panarin.
16:04 of 3rd period - Shot Blocked by Cole Schneider.
16:04 of 3rd period - Puck is out of play.
16:05 of 3rd period - Tomas Hertl wins face-off versus Joel L'Esperance in Nordiques zone.
16:06 of 3rd period - Slapshot by Artemi Panarin.
16:06 of 3rd period - Shot Blocked by Shayne Gostisbehere.
16:58 of 3rd period - Wrist shot by Alex Ovechkin.
16:58 of 3rd period - Shot Blocked by Cole Schneider.
17:00 of 3rd period - Snap shot by Luke Schenn.
17:00 of 3rd period - Shot Blocked by David Backes.
17:08 of 3rd period - Icing by Shayne Gostisbehere.
17:09 of 3rd period - Sean Kuraly wins face-off versus Mathieu Perreault in Nordiques zone.
17:12 of 3rd period - Snap shot by Carter Rowney.
17:12 of 3rd period - Stopped by Craig Anderson with a rebound.
17:18 of 3rd period - Slapshot by Justin Holl.
17:18 of 3rd period - Stopped by Semyon Varlamov without a rebound.
17:19 of 3rd period - Joel L'Esperance wins face-off versus Sean Kuraly in Kings zone.
17:22 of 3rd period - Snap shot by Joel L'Esperance.
17:22 of 3rd period - Shot Misses the Net.
17:24 of 3rd period - Slapshot by Travis Sanheim.
17:24 of 3rd period - Shot Blocked by Alex Goligoski.
17:32 of 3rd period - Backhand shot by Joel Farabee.
17:32 of 3rd period - Stopped by Semyon Varlamov with a rebound.
17:34 of 3rd period - Wrist shot by Hudson Fasching.
17:34 of 3rd period - Stopped by Semyon Varlamov without a rebound.
17:35 of 3rd period - Sebastian Aho wins face-off versus Jamie Benn in Kings zone.
17:40 of 3rd period - Slapshot by Alexander Wennberg.
17:40 of 3rd period - Shot Misses the Net.
18:06 of 3rd period - Wrist shot by Carter Rowney.
18:06 of 3rd period - Stopped by Craig Anderson with a rebound.
18:08 of 3rd period - Wrist shot by Alex Goligoski.
18:08 of 3rd period - Deflect By Artturi Lehkonen.
18:08 of 3rd period - Shot Blocked by Joel Farabee.
18:08 of 3rd period - Puck is out of play.
18:09 of 3rd period - Tomas Hertl wins face-off versus Joel L'Esperance in Nordiques zone.
18:18 of 3rd period - Backhand shot by Alex Ovechkin.
18:18 of 3rd period - Stopped by Craig Anderson with a rebound.
18:20 of 3rd period - Wrist shot by Alex Ovechkin.
18:20 of 3rd period - Shot Blocked by Joel Farabee.
18:44 of 3rd period - Slapshot by Shayne Gostisbehere.
18:44 of 3rd period - Shot Misses the Net.
18:46 of 3rd period - Snap shot by Mathieu Perreault.
18:46 of 3rd period - Stopped by Semyon Varlamov without a rebound.
18:47 of 3rd period - Kirk Muller call a timeout for Nordiques.
18:47 of 3rd period - Tomas Hertl wins face-off versus Sebastian Aho in Kings zone.
18:59 of 3rd period - Wrist shot by Alex Ovechkin.
18:59 of 3rd period - Deflect By Artemi Panarin.
18:59 of 3rd period - Stopped by Craig Anderson with a rebound.
19:01 of 3rd period - Slapshot by Alex Ovechkin.
19:01 of 3rd period - Stopped by Craig Anderson with a rebound.
19:03 of 3rd period - Slapshot by Alex Goligoski.
19:03 of 3rd period - Goal by Alex Goligoski - Nordiques : 1 - Kings : 3.
19:04 of 3rd period - Sean Kuraly wins face-off versus Joel L'Esperance in neutral zone.
19:11 of 3rd period - Slapshot by Artturi Lehkonen.
19:11 of 3rd period - Shot Blocked by Travis Sanheim.
19:29 of 3rd period - Jamie Benn is hit by David Backes and loses puck.
Goals for this period are 0 for Nordiques vs 3 for Kings.
Shots for this period are 12 for Nordiques vs 18 for Kings.